 Dungeon Crawl Stone Soup version 0.23.2-40-g277498a001 (webtiles) character file.

Game seed: 11775244603194504663

19570 Firons2 the Fighter (level 12, -20/168 HPs)
             Began as a Minotaur Berserker on Aug 14, 2019.
             Was a High Priest of Trog.
             Demolished by a tyrant leech (28 damage)
             ... on level 12 of the Dungeon.
             The game lasted 00:38:53 (13905 turns).

Firons2 the Fighter (Minotaur Berserker)           Turns: 13905, Time: 00:38:53

Health: -20/168    AC:  7    Str: 31    XL:     12   Next: 37%
Magic:  11/11      EV: 19    Int:  6    God:    Trog [*****.]
Gold:   302        SH:  0    Dex: 16    Spells: 11/11 levels left

rFire    . . .     SeeInvis .   I - +5 dire flail
rCold    . . .     Gourm    .   (shield currently unavailable)
rNeg     + . .     Faith    .   (no armour)
rPois    .         Spirit   .   (helmet restricted)
rElec    +         Reflect  .   n - +2 cloak
rCorr    .         Harm     .   L - +1 pair of gloves {Dex+3}
MR       ++...                  (no boots)
Stlth    ..........             (no amulet)
HPRegen  1.38/turn              G - ring of stealth
MPRegen  0.12/turn              r - ring of Xeownah {rElec rN+ AC+2 Dex+2}

@: berserking (expiring), regenerating, slowed
A: retaliatory headbutt, hooves 1, horns 2, clever 1, electricity resistance,
MP-powered wands
a: Berserk, Trog's Hand, Brothers in Arms, Renounce Religion


You were on level 12 of the Dungeon.
You worshipped Trog.
Trog was extremely pleased with you.
You were hungry.

You visited 2 branches of the dungeon, and saw 13 of its levels.
You also visited: Sewer.

You collected 692 gold pieces.
You spent 390 gold pieces at shops.

Inventory:

Hand Weapons
 F - a +0 battleaxe
 I - a +5 dire flail (weapon)
Missiles
 t - 8 tomahawks (quivered)
 B - 8 steel javelins
 D - 2 throwing nets
Armour
 d - a +2 shield
 m - a +0 pair of gloves of dexterity
 n - a +2 cloak (worn)
 L - a +1 pair of gloves of dexterity (worn)
Jewellery
 f - the ring "Zerokkoa" {Fire *Corrode rN++ Dex+5}
   (You found it on level 11 of the Dungeon)

   [ring of fire]

   It enhances your fire magic.
   It affects your dexterity (+5).
   It protects you from fire.
   It makes you vulnerable to cold.
   It greatly protects you from negative energy.
   It may corrode you when you take damage.
 l - a cursed ring of attention {unknown}
 r - the ring of Xeownah (right hand) {rElec rN+ AC+2 Dex+2}
   (You took it off an orc wizard on level 10 of the Dungeon)

   [ring of protection]

   It affects your AC (+2).
   It affects your dexterity (+2).
   It insulates you from electricity.
   It protects you from negative energy.
 G - a ring of stealth (left hand)
 M - an uncursed ring of protection from cold
Wands
 O - a wand of polymorph (10)
Scrolls
 e - 3 scrolls of remove curse
 h - a scroll of blinking {unknown}
 i - 2 scrolls of teleportation
 k - 5 scrolls of amnesia
 o - a scroll of fog {unknown}
 q - a scroll of silence {unknown}
 s - 2 scrolls of immolation {unknown}
 u - 2 scrolls of fear {unknown}
 x - 3 scrolls of enchant armour {unknown}
 y - a scroll of brand weapon {unknown}
 A - 3 scrolls of enchant weapon
 C - a scroll of random uselessness {unknown}
 Q - a scroll of noise {unknown}
Potions
 a - a potion of might {unknown}
 b - 5 potions of heal wounds
 g - 2 potions of haste {unknown}
 j - 5 potions of curing
 p - 2 potions of agility {unknown}
 v - 6 potions of flight
 w - 2 potions of degeneration
 z - 2 potions of magic
 E - 6 potions of brilliance
 H - 2 potions of cancellation
 J - a potion of resistance {unknown}
 N - a potion of lignification {unknown}
Miscellaneous
 K - a phantom mirror
Comestibles
 c - 13 rations
 P - 3 chunks of flesh


   Skills:
 + Level 12.2 Fighting
 - Level 7.0(10.7) Axes
 * Level 11.0(11.8) Maces & Flails
   Level 6.4(7.9) Polearms
 + Level 10.3 Armour
 + Level 9.4 Dodging
 - Level 8.5 Shields


You had 11 spell levels left.
You didn't know any spells.
Your spell library was empty.

Dungeon Overview and Level Annotations

Branches:
Dungeon (12/15)            Temple (0/1) D:4            Lair (1/6) D:10
    Orc (0/2) D:12

Altars:
Cheibriados
Elyvilon
Fedhas
Gozag
Hepliaklqana
Nemelex Xobeh
Okawaru
Qazlal
Ru
Trog
Uskayaw
Wu Jian
Xom
Beogh

Shops:
D:5 (   D:6 *   D:7 !   D:10 }

Annotations:
D:2 1 runed translucent door, Crazy Yiuf


Innate Abilities, Weirdness & Mutations

You reflexively headbutt those who attack you in melee.
You have a pair of horns on your head.
You have large cloven feet.
Your mind is acute. (Int +2)
You are resistant to electric shocks. (rElec)
You expend magic power (3 MP) to strengthen your wands.


Message History

You headbutt the tyrant leech!
You are too berserk!
Okay, then.
You are too berserk!
Your deep troll bites the tyrant leech!
Your deep troll claws the tyrant leech!!
The tyrant leech dies!
Trog accepts your kill. The tyrant leech misses you.
You feel a strong urge to attack something.
The swamp worm throws harpoon shot at you.
The harpoon shot hits you!
* * * LOW HITPOINT WARNING * * *
You are yanked forward by the harpoon shot.
Your deep troll bites the torpor snail!!
Your deep troll claws the torpor snail!!
Your deep troll completely misses the torpor snail.
The swamp worm closely misses you. You furiously retaliate!
You headbutt the swamp worm! The tyrant leech bites you!!
You die...

≈≈≈#P≈≈# #..# ≈≈≈P≈≈# #.##
#≈≈≈#+######## ###'###
≈#######≈≈≈.........####......
≈≈≈≈≈≈≈≈≈≈........[.'.##......
.≈≈≈≈≈≈≈w#..........#.##......
.......#.#...T......#..#......
.......#<#.www......##.'......
.......#.#..w@......####......
########.'..........# #######
###..........# ###..#.#..##
#.......# #..#.#..# ##.....##
#######


You could see 2 tyrant leeches, a torpor snail, a swamp worm and a friendly deep
troll (berserk).

Vanquished Creatures
  Josephine (D:11)
  Harold (D:7)
  A hydra (D:11)
  2 two-headed ogres
  The ghost of haesbaert the Arsonist, a novice DEFE of Sif Muna (D:11)
  The ghost of gnacko the Digger, a novice GrEE of Vehumet (D:8)
  2 manticores (D:11)
  A cyclops (D:11)
  Joseph (D:7)
  2 spiny frogs (Lair:1)
  2 komodo dragons (Lair:1)
  Grinder (D:3)
  3 blink frogs (Lair:1)
  A tyrant leech (D:12)
  2 hippogriffs
  A shadow (D:11)
  2 wraiths (D:11)
  2 wyverns
  11 yaks
  2 hungry ghosts
  A steam dragon (D:12)
  Menkaure (D:6)
  A warg (D:8)
  2 soldier ants (D:8)
  5 water moccasins
  4 sky beasts
  3 porcupines (Lair:1)
  6 orc warriors
  2 black bears
  A hornet zombie (D:7)
  13 ice beasts
  4 phantoms
  5 ogres
  3 centaurs
  2 big kobolds
  9 bullfrogs
  A troll zombie (D:12)
  A water moccasin skeleton (D:7)
  7 killer bees
  7 wights
  3 howler monkeys (D:9)
  4 crimson imps
  3 centaur zombies
  A bullfrog skeleton (D:9)
  2 quasits
  A bullfrog zombie (D:9)
  A gnoll shaman (D:6)
  5 hounds
  7 orc priests
  A jelly (D:7)
  6 orc wizards
  2 centaur skeletons
  Terence (D:2)
  4 iguanas
  7 worker ants
  A centaur simulacrum (D:11)
  7 ogre zombies (D:12)
  2 bullfrog simulacra (D:11)
  A hound zombie (D:11)
  2 howler monkey zombies
  2 worker ant zombies (D:11)
  4 gnolls (D:7)
  5 adders
  A river rat (Sewer)
  2 shadow imps
  2 white imps (D:11)
  An ooze (D:2)
  2 adder skeletons
  3 worms
  3 dart slugs
  8 leopard geckos
  39 orcs
  A ball python (D:1)
  7 giant cockroaches
  2 goblins (D:3)
  4 hobgoblins
  8 jackals
  4 quokkas
  9 bats
  6 frilled lizards
  2 goblin skeletons (D:12)
  2 hobgoblin skeletons (D:12)
  3 hobgoblin zombies (D:12)
  A jackal zombie (D:8)
  17 kobolds
  2 orc skeletons (D:12)
  16 orc zombies (D:12)
  2 quokka skeletons
  A quokka zombie (D:9)
  14 rats
  A plant (D:6)
353 creatures vanquished.

Vanquished Creatures (collateral kills)
  A tyrant leech (D:12)
  2 wraiths (D:11)
  2 yaks (D:11)
5 creatures vanquished.

Vanquished Creatures (others)
  An orc (D:11)
  2 plants (D:12)
3 creatures vanquished.

Grand Total: 361 creatures vanquished

Notes
Turn   | Place    | Note
-------+----------+-------------------------------------------
     0 | D:1      | Firons2 the Minotaur Berserker began the quest for the Orb.
     0 | D:1      | Reached XP level 1. HP: 19/19 MP: 0/0
    94 | D:1      | Reached XP level 2. HP: 11/27 MP: 1/1
   857 | D:2      | Reached skill level 4 in Fighting
   878 | D:2      | Reached ** piety under Trog
   878 | D:2      | Reached XP level 3. HP: 33/33 MP: 2/2
  1077 | D:2      | Noticed Terence
  1088 | D:2      | Killed Terence
  1160 | D:2      | Found a runed translucent door.
  1161 | D:2      | Noticed Crazy Yiuf
  1332 | D:2      | Reached XP level 4. HP: 39/40 MP: 3/3
  1786 | D:3      | Reached skill level 1 in Axes
  1786 | D:3      | Noticed Grinder
  1799 | D:3      | Killed Grinder
  1799 | D:3      | Reached skill level 5 in Polearms
  1799 | D:3      | Reached skill level 1 in Shields
  1799 | D:3      | Reached XP level 5. HP: 47/47 MP: 4/4
  1799 | D:3      | Reached XP level 6. HP: 53/53 MP: 5/5
  2043 | D:3      | Reached *** piety under Trog
  2392 | D:4      | Found a staircase to the Ecumenical Temple.
  2517 | D:4      | Found a glowing drain.
  2543 | Sewer    | Entered a sewer
  2664 | Sewer    | Reached skill level 5 in Fighting
  2701 | Sewer    | Found a white marble altar of Elyvilon.
  2860 | D:4      | Reached XP level 7. HP: 61/61 MP: 6/6
  3114 | D:4      | Found a bloodstained altar of Trog.
  3292 | D:5      | Entered Level 5 of the Dungeon
  3785 | D:5      | Found Leuploc's Antique Weapon Shoppe.
  3907 | D:5      | Reached skill level 1 in Maces & Flails
  4245 | D:6      | Found Damy's Assorted Antiques.
  4252 | D:6      | Noticed Menkaure
  4262 | D:6      | Killed Menkaure
  4262 | D:6      | Reached skill level 6 in Fighting
  4262 | D:6      | Reached XP level 8. HP: 58/70 MP: 7/7
  4300 | D:6      | Found an ornate altar of the Wu Jian Council.
  4301 | D:6      | Found a white marble altar of Elyvilon.
  4334 | D:6      | Found a sparkling altar of Nemelex Xobeh.
  4432 | D:6      | Reached skill level 5 in Armour
  4617 | D:6      | Found a sacrificial altar of Ru.
  4617 | D:6      | Found a shimmering altar of Xom.
  4617 | D:6      | Found a blossoming altar of Fedhas.
  4618 | D:6      | Found an opulent altar of Gozag.
  4619 | D:6      | Found a hide-covered altar of Uskayaw.
  4621 | D:6      | Found a snail-covered altar of Cheibriados.
  4622 | D:6      | Found an iron altar of Okawaru.
  4708 | D:6      | Found a sacrificial altar of Ru.
  5314 | D:6      | Reached skill level 5 in Shields
  5582 | D:7      | Reached skill level 7 in Fighting
  5658 | D:7      | Noticed Harold
  5700 | D:7      | Killed Harold
  5700 | D:7      | Reached skill level 8 in Fighting
  5700 | D:7      | Reached skill level 5 in Dodging
  5700 | D:7      | Reached XP level 9. HP: 36/81 MP: 8/8
  6186 | D:7      | Noticed Joseph
  6198 | D:7      | Killed Joseph
  6198 | D:7      | Reached skill level 9 in Fighting
  6485 | D:7      | Found Coguzy's Distillery.
  6490 | D:7      | Bought a potion of degeneration for 13 gold pieces
  6490 | D:7      | Bought a potion of cancellation for 104 gold pieces
  6490 | D:7      | Bought 2 potions of brilliance for 104 gold pieces
  6490 | D:7      | Bought a potion of magic for 104 gold pieces
  6813 | D:7      | Reached **** piety under Trog
  6813 | D:7      | Reached skill level 5 in Axes
  6816 | D:7      | Reached XP level 10. HP: 78/91 MP: 9/9
  7062 | D:7      | Bought a potion of heal wounds for 65 gold pieces
  7762 | D:8      | Found a runed translucent gate.
  7763 | D:8      | Found a runed translucent gate.
  7763 | D:8      | Identified the cursed +3 mace "Ywao" {freeze, rN+ Int+2}
  7763 | D:8      | Noticed gnacko's ghost (novice GrEE)
  7764 | D:8      | Found a runed translucent gate.
  7765 | D:8      | Found a roughly hewn altar of Beogh.
  8059 | D:8      | Killed gnacko's ghost
  8267 | D:8      | Reached skill level 10 in Fighting
  8272 | D:8      | Reached skill level 5 in Maces & Flails
  8946 | D:9      | Noticed a two-headed ogre
  8951 | D:9      | Killed a two-headed ogre
  8951 | D:9      | Reached ***** piety under Trog
  8951 | D:9      | Reached XP level 11. HP: 101/101 MP: 10/10
  9258 | D:10     | Entered Level 10 of the Dungeon
  9374 | D:10     | Received a gift from Trog
  9395 | D:10     | Identified the ring of Xeownah {rElec rN+ AC+2 Dex+2}
  9736 | D:10     | Found Ypeidgh's Gadget Emporium.
 10123 | D:10     | Found a stormy altar of Qazlal.
 10125 | D:10     | Found a deep blue altar of Sif Muna.
 10125 | D:10     | Found a shimmering altar of Xom.
 10127 | D:10     | Found a stormy altar of Qazlal.
 10127 | D:10     | Found a hazy altar of Hepliaklqana.
 10127 | D:10     | Found a sacrificial altar of Ru.
 10149 | D:10     | Noticed a two-headed ogre
 10155 | D:10     | Killed a two-headed ogre
 10155 | D:10     | Reached skill level 11 in Fighting
 10247 | D:10     | Found a staircase to the Lair.
 10271 | Lair:1   | Entered Level 1 of the Lair of Beasts
 10491 | Lair:1   | Gained mutation: Your muscles are strong. (Str +2) [potion
                  | of mutation]
 10491 | Lair:1   | Gained mutation: Your muscles are very strong. (Str +4)
                  | [potion of mutation]
 10491 | Lair:1   | Gained mutation: Your spells are a little harder to cast,
                  | but a little more powerful. [potion of mutation]
 10491 | Lair:1   | Gained mutation: You are resistant to electric shocks.
                  | (rElec) [potion of mutation]
 10498 | Lair:1   | Lost mutation: Your muscles are very strong. (Str +4)
                  | [potion of mutation]
 10498 | Lair:1   | Lost mutation: Your spells are a little harder to cast, but
                  | a little more powerful. [potion of mutation]
 10498 | Lair:1   | Lost mutation: Your muscles are strong. (Str +2) [potion of
                  | mutation]
 10498 | Lair:1   | Gained mutation: You have large cloven feet. [potion of
                  | mutation]
 10498 | Lair:1   | Gained mutation: You expend magic power (3 MP) to
                  | strengthen your wands. [potion of mutation]
 10498 | Lair:1   | Gained mutation: Your mind is acute. (Int +2) [potion of
                  | mutation]
 10785 | Lair:1   | Received a gift from Trog
 11633 | D:11     | Noticed an eight-headed hydra
 11639 | D:11     | Killed an eight-headed hydra
 11750 | D:11     | Noticed haesbaert's ghost (novice DEFE)
 11886 | D:11     | Found a runed translucent gate.
 11886 | D:11     | Found a runed translucent gate.
 11886 | D:11     | Found a runed translucent gate.
 12056 | D:11     | Killed haesbaert's ghost
 12081 | D:11     | Got the ring "Zerokkoa" {Fire}
 12231 | D:11     | Reached XP level 12. HP: 111/111 MP: 11/11
 12247 | D:11     | Found a blossoming altar of Fedhas.
 12324 | D:11     | Reached skill level 10 in Maces & Flails
 12603 | D:11     | Noticed Josephine
 12618 | D:11     | Killed Josephine
 12618 | D:11     | Reached skill level 10 in Armour
 12618 | D:11     | Reached skill level 12 in Fighting
 13637 | D:12     | Found a staircase to the Orcish Mines.
 13905 | D:12     | HP: 8/168 [swamp worm/harpoon shot (13)]
 13905 | D:12     | Demolished by a tyrant leech

Skill      XL: |  1  2  3  4  5  6  7  8  9 10 11 12 |
---------------+-------------------------------------+-----
Polearms       | 4 5 6 |  6.4
Fighting       | 4 5 6 8 9 10 11 12 | 12.2
Armour         | 3 4 6 8 9 10 | 10.3
Axes           | 2 3 5 7 |  7.0
Dodging        | 3 4 5 6 7 8 9 |  9.4
Shields        | 1 2 3 6 7 8 |  8.5
Maces & Flails | 1 3 4 6 9 11 | 11.0

Action                   |  1- 3 |  4- 6 |  7- 9 | 10-12 || total
-------------------------+-------+-------+-------+-------++-------
Melee: Spear             |    72 |       |       |       ||    72
       Headbutt          |    12 |    22 |    58 |   112 ||   204
       Hand axe          |    22 |   153 |    48 |       ||   223
       Mace              |       |       |   149 |       ||   149
       Battleaxe         |       |       |    48 |       ||    48
       Dire flail        |       |       |    15 |   490 ||   505
       Kick              |       |       |       |    81 ||    81
Throw: Tomahawk          |       |       |     1 |     3 ||     4
Invok: Berserk           |       |     1 |     5 |    10 ||    16
       Trog's Hand       |       |     1 |     4 |     6 ||    11
       Brothers in Arms  |       |       |       |     2 ||     2
  Use: Scroll            |       |     5 |     5 |     5 ||    15
       Potion            |       |       |     2 |     3 ||     5
 Stab: Sleeping          |     1 |       |       |     6 ||     7
       Distracted        |       |       |       |     1 ||     1
  Eat: Chunk             |     1 |     7 |     9 |    28 ||    45
       Ration            |       |       |     3 |     3 ||     6
Armor: Animal skin       |    12 |       |       |       ||    12
       Chain mail        |    17 |       |       |       ||    17
       Plate armour      |     1 |    66 |   163 |   140 ||   370
       Skin              |       |       |       |    34 ||    34
Dodge: Dodged            |    40 |    32 |    86 |   281 ||   439
Block: Shield            |       |    73 |   167 |       ||   240
